 Dungeon Crawl Stone Soup version 0.29.1-12-g30fa7ad0bf (webtiles) character file.

Game seed: 17094305557230343517

25 Loveship the Ruffian (level 2, -3/23 HPs)
             Began as a Draconian Transmuter on Jan 10, 2023.
             Slain by a worm (9 damage)
             ... on level 2 of the Dungeon.
             The game lasted 00:17:35 (1274 turns).

Loveship the Ruffian (Draconian Transmuter)         Turns: 1274, Time: 00:17:35

Health: -3/23      AC:  4    Str: 12    XL:     2   Next: 86%
Magic:  5/5        EV: 12    Int: 13    God:
Gold:   21         SH:  0    Dex: 11    Spells: 2/5 levels left

rFire   . . .      SeeInvis .   m - +0 short sword
rCold   . . .      Faith    .   (no shield)
rNeg    . . .      Spirit   .   (body armour unavailable)
rPois   .          Reflect  .   (helmet restricted)
rElec   .          Harm     .   c - scarf {repulsion}
rCorr   .          Rampage  .   (no gloves)
Will    .....                   (no boots)
Stlth   +.........              (no amulet)
HPRegen 0.07/turn               (no ring)
MPRegen 0.09/turn               (no ring)

@: repel missiles
A: AC +4, unfitting armour, cold-blooded
a: no special abilities


You were on level 2 of the Dungeon.
You visited 1 branch of the dungeon, and saw 2 of its levels.

You collected 21 gold pieces.

Inventory:

Hand Weapons
 d - a +0 dagger
 g - a +0 hand axe
 m - a +0 short sword (weapon)
 p - a +0 club
Missiles
 f - 3 poisoned darts
 n - 2 stones
Armour
 c - a scarf of repulsion (worn)
Scrolls
 h - 2 scrolls of immolation {unknown}
 k - a scroll of enchant armour {unknown}
Potions
 a - a potion of lignification
 b - a potion of attraction {unknown}
 e - a potion of invisibility {unknown}
 l - 2 potions of might {unknown}


   Skills:
 + Level 1.1 Fighting
 + Level 0.2 Short Blades
 + Level 2.0 Dodging
 + Level 0.1 Stealth
 + Level 3.5 Unarmed Combat
 + Level 2.2 Spellcasting
 + Level 2.2 Transmutations


You had 2 spell levels left.
You knew the following spells:

 Your Spells              Type           Power      Damage    Failure   Level
a - Beastly Appendage     Tmut           14%        N/A       10%         1
b - Wereblood             Tmut           7%         N/A       16%         2

Your spell library contained the following spells:

 Spells                   Type           Power      Damage    Failure   Level
 Spider Form              Tmut/Pois      4%         N/A       43%         3
 Frozen Ramparts          Ice            2%         1d1       58%         3
 Ice Form                 Ice/Tmut       4%         N/A       83%         4
 Summon Ice Beast         Ice/Summ       1%         N/A       94%         4
 Chain Lightning          Conj/Air       0%         2d1       100%        9
 Fire Storm               Conj/Fire      0%         6d1       100%        9
 Shatter                  Erth           0%         3d5*      100%        9


Dungeon Overview and Level Annotations

Branches:
Dungeon (2/15)

Altars:


Innate Abilities, Weirdness & Mutations

Your plain brown scales are hard. (AC +4)
You cannot fit into any form of body armour.
You are cold-blooded and may be slowed by cold attacks.


Message History

Done exploring.
Done exploring.
Done exploring.
Unknown command.
Things that are here:
a kobold skeleton; a ball python skeleton
Items here: )) [[ รท.
There is a stone staircase leading down here.
You climb downwards.
There is a stone staircase leading up here.
e - a glowing amethyst potion You open the door.
l - 2 bubbling ruby potions (gained 1)
A worm comes into view.
Found a spear.
Found a pair of gloves.
The worm barely misses you.
You barely miss the worm. The worm bites you.
You completely miss the worm. You hit the worm. You tail-slap the worm.
The worm is lightly wounded.
The worm bites you but does no damage.
You barely miss the worm.
Your tail-slap misses the worm.
The worm is lightly wounded.
The worm bites you!
You hit the worm.
The worm is moderately wounded.
You hit the worm.
You tail-slap the worm, but do no damage.
The worm is heavily wounded.
The worm barely misses you.
You barely miss the worm.
The worm is moderately wounded.
You hit the worm.
The worm is heavily wounded.
The worm bites you!
* * * LOW HITPOINT WARNING * * *
You hit the worm.
The worm is severely wounded.
The worm bites you!
You die...

~P~~~~P ~P~~~~P
~P~~~~~ ### ~~~~P~~
#.. [.~..~~#####.#
...)..........
.........###.#####.#
#.w@..##.##.##.#
#...#.##.##.##.#
#####.......##.#
###.###.##.#
#.....##.#
#....###.#
###...##.####.
########.#.........
##........###....##.


You could see a worm.

Vanquished Creatures
  4 ball pythons (D:1)
  2 bats (D:1)
  An endoplasm (D:1)
  2 goblins (D:1)
  2 hobgoblins (D:1)
  2 jackals (D:1)
  4 quokkas (D:1)
  3 frilled lizards (D:1)
  A kobold (D:1)
  3 rats (D:1)
24 creatures vanquished.

Notes
Turn   | Place    | Note
-------+----------+-------------------------------------------
     0 | D:1      | Loveship the Draconian Transmuter began the quest for the
                  | Orb.
     0 | D:1      | Reached XP level 1. HP: 16/16 MP: 3/3
   243 | D:1      | Reached XP level 2. HP: 15/23 MP: 5/5
   638 | D:1      | Learned a level 2 spell: Wereblood
  1274 | D:2      | Slain by a worm

Illustrated notes

Levels and vault maps discovered:
D:1:      moated_graveyard_arrival, layout_loops_ring
D:2:      layout_basic, serial_bayou, serial_bayou_shore_a,
          serial_bayou_shore_b, serial_bayou_crossing, serial_bayou_ford_a,
          serial_bayou_shore_b

Skill      XL: |  1  2 |
---------------+-------+-----
Dodging        | 2 |  2.0
Fighting       | |  1.1
Short Blades   | |  0.2
Stealth        | |  0.1
Unarmed Combat | |  3.5
Spellcasting   | |  2.2
Transmutations | |  2.2

Action                   || total
-------------------------++-------
Melee: Dagger            ||    68
       Unarmed           ||    11
       Kick              ||     9
       Tailslap          ||     8
       Punch             ||     3
       Short sword       ||    14
 Cast: Beastly Appendage ||     6
       Wereblood         ||     1
  Use: Scroll            ||     2
 Stab: Sleeping          ||     1
Armor: Skin              ||    36
Dodge: Dodged            ||    75
